 Dungeon Crawl Stone Soup version 0.26-a0-649-gf8c6c3aab7 (webtiles) character file.

Game seed: 11070619162232905791

3553 oldriver the Fighter (level 10, -16/74 HPs)
             Began as a Gargoyle Fighter on Sept 26, 2020.
             Was a Priest of Okawaru.
             Killed by the air
             ... invoked by Gastronok
              (36 damage)
             ... on level 8 of the Dungeon.
             The game lasted 00:07:43 (7066 turns).

oldriver the Fighter (Gargoyle Fighter)             Turns: 7066, Time: 00:07:44

Health: -16/74     AC: 24    Str: 24    XL:     10   Next: 9%
Magic:  10/10      EV:  4    Int: 14    God:    Okawaru [***...]
Gold:   445        SH:  9    Dex: 12    Spells: 9/9 levels left

rFire    + . .     SeeInvis .   a - +9 hand axe of Cobwebs {pain, rF+ Stlth+}
rCold    . . .     Faith    .   c - +0 kite shield
rNeg     + + .     Spirit   .   p - +0 plate armour
rPois    ∞         Reflect  .   g - +0 helmet
rElec    +         Harm     .   r - +0 cloak
rCorr    .         Rampage  .   E - +2 pair of gloves {Str+3}
MR       .....                  (no boots)
Stlth    ..........             s - amulet of magic regeneration
HPRegen  0.22/turn              C - +6 ring of intelligence
MPRegen  0.37/turn              D - ring of positive energy

@: slowed, very slow
A: negative energy resistance 1, electricity resistance, unbreathing,
petrification resistance, rot immunity, AC +7
a: Heroism, Renounce Religion


You were on level 8 of the Dungeon.
You worshipped Okawaru.
Okawaru was most pleased with you.
You visited 2 branches of the dungeon, and saw 9 of its levels.

You collected 445 gold pieces.

Inventory:

Hand Weapons
 a - the +9 hand axe of Cobwebs (weapon) {pain, rF+ Stlth+}
   (You found it on level 5 of the Dungeon)

   In the hands of one skilled in necromantic magic, it inflicts extra damage on
   living creatures.
   It protects you from fire.
   It makes you more stealthy.
Armour
 c - a +0 kite shield (worn)
 g - a +0 helmet (worn)
 p - a +0 plate armour (worn)
 r - a +0 cloak (worn)
 E - a +2 pair of gloves of strength (worn)
Jewellery
 s - an amulet of magic regeneration (around neck)
 C - a +6 ring of intelligence (left hand)
 D - a ring of positive energy (right hand)
Wands
 q - a wand of paralysis (5)
 v - a wand of polymorph (10)
 y - a wand of flame (25)
Scrolls
 b - a scroll of fear
 e - 5 scrolls of teleportation
 j - 2 scrolls of enchant weapon
 k - 13 scrolls of identify
 l - a scroll of enchant armour {unknown}
 o - 6 scrolls of remove curse
 z - 2 scrolls of blinking
Potions
 d - 2 potions of might
 f - a potion of ambrosia {unknown}
 h - 3 potions of curing
 i - 2 potions of berserk rage {unknown}
 m - 2 potions of flight
 n - 2 potions of degeneration {unknown}
 t - 3 potions of magic {unknown}
 u - 3 potions of heal wounds {unknown}
 w - a potion of cancellation {unknown}
 x - a potion of resistance
 A - 2 potions of haste {unknown}
 B - a potion of invisibility {unknown}


   Skills:
 * Level 13.7 Fighting
   Level 6.4 Maces & Flails
 - Level 3.2 Armour
 - Level 3.2 Shields


You had 9 spell levels left.
You didn't know any spells.
Your spell library contained the following spells:

 Spells                   Type           Power        Failure   Level
 Animate Skeleton         Necr           #.....       100%        1
 Apportation              Tloc           #.....       100%        1
 Corona                   Hex            #......      100%        1
 Pain                     Necr           #...         100%        1
 Summon Small Mammal      Summ           #...         100%        1
 Vampiric Draining        Necr           #.........   100%        3
 Animate Dead             Necr           #.........   100%        4
 Agony                    Necr           #.......     100%        5


Dungeon Overview and Level Annotations

Branches:
Dungeon (8/15)             Temple (1/1) D:4
   Lair: D:8-11

Altars:
Ashenzari
Cheibriados
Dithmenos
Elyvilon
Fedhas
Gozag
Hepliaklqana
Kikubaaqudgha
Makhleb
Nemelex Xobeh
Okawaru
Qazlal
Ru
Sif Muna
Trog
Uskayaw
Vehumet
Wu Jian
Xom
Yredelemnul
Zin
The Shining One

Annotations:
D:8 Gastronok


Innate Abilities, Weirdness & Mutations

You are resistant to torment.
Your stone body is resilient. (AC +7)
You are immune to poison.
You resist negative energy. (rN+)
You are resistant to electric shocks. (rElec)
You can survive without breathing.
You are immune to petrification.
You are immune to rotting.


Message History

* * * LOW HITPOINT WARNING * * *
You are too injured to fight recklessly!
You are too injured to fight recklessly!
You are too injured to fight recklessly!
You are too injured to fight recklessly!
You are too injured to fight recklessly!
You are too injured to fight recklessly!
You are too injured to fight recklessly!
You are too injured to fight recklessly!
You are too injured to fight recklessly!
You are too injured to fight recklessly!
You are too injured to fight recklessly!
You are too injured to fight recklessly!
You are too injured to fight recklessly!
Unknown command.
You slash Gastronok!
Gastronok is severely wounded.
Gastronok waves his eye-stalks in wide circles.
The air twists around and strikes you!!!
You die...

.#....#............#
..
.....................
.. #..#..........#####
..#.# #............#
......##............#
........<...........#
...........#..###[....
......####...##
...#### ...... ##@##
#.# ..... #w# .#
..........rrr....#
.<...).....r##.#...
...[..$...... #
......... ..........
###....... .........


You could see Gastronok, 2 river rats and 2 rats.

Vanquished Creatures
  A centaur zombie (D:7)
  A hippogriff (D:7)
  Sigmund (D:6)
  2 wraiths (D:7)
  2 water moccasins
  A sky beast (D:7)
  2 ogres
  An ice beast (D:5)
  A black bear (D:7)
  A phantom (D:2)
  A necrophage (D:7)
  3 centaurs
  A bullfrog (D:7)
  A gnoll sergeant (D:7)
  A wyvern zombie (D:7)
  2 scorpions (D:7)
  A water moccasin skeleton (D:7)
  2 wights (D:7)
  A bullfrog zombie (D:6)
  3 hounds
  2 orc priests
  A gnoll shaman (D:4)
  3 human zombies (D:7)
  2 human skeletons (D:7)
  2 iguanas
  Natasha (thrice) (D:3)
  Ijyb (D:5)
  8 worker ants
  An ogre zombie (D:7)
  A mummy (D:7)
  3 worker ant zombies
  12 gnolls
  11 adders
  2 white imps
  An ufetubus (D:5)
  2 adder skeletons
  5 worms
  3 dart slugs
  5 leopard geckos
  14 orcs
  A ball python (D:3)
  9 bats
  A bat zombie (D:1)
  7 giant cockroaches
  7 hobgoblins
  12 jackals
  8 kobolds
  5 quokkas
  6 frilled lizards
  A giant cockroach zombie (D:1)
  6 goblins
  A leopard gecko skeleton (D:5)
  A quokka skeleton (D:4)
  A quokka zombie (D:6)
  13 rats
190 creatures vanquished.

Notes
Turn   | Place    | Note
-------+----------+-------------------------------------------
     0 | D:1      | oldriver the Gargoyle Fighter began the quest for the Orb.
     0 | D:1      | Reached XP level 1. HP: 14/14 MP: 1/1
    93 | D:1      | Reached XP level 2. HP: 19/19 MP: 2/2
   460 | D:1      | Reached XP level 3. HP: 23/24 MP: 3/3
   480 | D:1      | Reached skill level 4 in Fighting
  1177 | D:2      | Reached XP level 4. HP: 26/30 MP: 4/4
  1376 | D:2      | Noticed a phantom
  1604 | D:2      | Killed a phantom
  1604 | D:2      | Reached skill level 5 in Fighting
  1604 | D:2      | Reached XP level 5. HP: 23/35 MP: 5/5
  1813 | D:2      | Noticed an ogre
  2072 | D:2      | Noticed a centaur
  2085 | D:2      | Killed a centaur
  2085 | D:2      | Reached XP level 6. HP: 22/41 MP: 6/6
  2296 | D:2      | Reached skill level 6 in Fighting
  2296 | D:2      | Reached skill level 5 in Maces & Flails
  2639 | D:3      | Noticed Natasha
  2652 | D:3      | Killed Natasha
  2681 | D:3      | Found a glowing golden altar of the Shining One.
  2851 | D:3      | Noticed Natasha
  2866 | D:3      | Reached XP level 7. HP: 47/47 MP: 7/7
  2875 | D:3      | Killed Natasha
  3451 | D:3      | Noticed Natasha
  3466 | D:3      | Killed Natasha
  3951 | D:4      | Found a staircase to the Ecumenical Temple.
  3957 | Temple   | Entered the Ecumenical Temple
  4018 | Temple   | Became a worshipper of Warmaster Okawaru
  4053 | D:4      | Reached skill level 7 in Fighting
  4552 | D:4      | Got a smoking hand axe
  4738 | D:5      | Entered Level 5 of the Dungeon
  4752 | D:5      | Reached XP level 8. HP: 39/53 MP: 8/8
  4848 | D:5      | Identified the +7 hand axe "Beastslayer" {antimagic, rPois}
                  | (You found it on level 4 of the Dungeon)
  4862 | D:5      | Noticed Ijyb
  4873 | D:5      | Killed Ijyb
  4877 | D:5      | Got an encrusted hand axe
  4878 | D:5      | Identified the +9 hand axe of Cobwebs {pain, rF+ Stlth+}
                  | (You found it on level 5 of the Dungeon)
  4922 | D:5      | Found a sparkling altar of Nemelex Xobeh.
  4982 | D:5      | Reached skill level 8 in Fighting
  4993 | D:5      | Reached * piety under Okawaru
  5059 | D:5      | Found a hide-covered altar of Uskayaw.
  5064 | D:5      | Found a sacrificial altar of Ru.
  5064 | D:5      | Found a bloodstained altar of Trog.
  5071 | D:5      | Found a shimmering altar of Xom.
  5078 | D:5      | Found a radiant altar of Vehumet.
  5323 | D:5      | Reached skill level 9 in Fighting
  5557 | D:5      | Found a shimmering blue altar of Sif Muna.
  5617 | D:6      | Noticed Sigmund
  5636 | D:6      | Killed Sigmund
  5636 | D:6      | Reached skill level 10 in Fighting
  6167 | D:7      | Reached XP level 9. HP: 62/63 MP: 9/9
  6187 | D:7      | Reached ** piety under Okawaru
  6187 | D:7      | Reached skill level 11 in Fighting
  6333 | D:7      | Paralysed by an orc for 5 turns
  6339 | D:7      | Paralysed by an orc for 6 turns
  6477 | D:7      | Found a snail-covered altar of Cheibriados.
  6495 | D:7      | Found an ornate altar of the Wu Jian Council.
  6495 | D:7      | Found a burning altar of Makhleb.
  6496 | D:7      | Found a white marble altar of Elyvilon.
  6513 | D:7      | Reached skill level 12 in Fighting
  6817 | D:7      | Found a basalt altar of Yredelemnul.
  6885 | D:7      | Reached *** piety under Okawaru
  6905 | D:7      | Reached skill level 13 in Fighting
  6909 | D:7      | Reached XP level 10. HP: 70/73 MP: 10/10
  7034 | D:8      | Noticed Gastronok
  7066 | D:8      | Killed from afar by Gastronok

Illustrated notes

Levels and vault maps discovered:
D:1:      saegor_arrival_fortress, layout_basic, minmay_stone_trees_medium
D:2:      layout_basic, kennysheep_generic_room_10
D:3:      layout_basic, tso_metal_star, uniq_natasha
D:4:      layout_basic, minmay_temple_entry_glassed_door,
          chequers_serial_rivers_micro_e
D:5:      minmay_bubble_buster, layout_cave_pools,
          nemelex_xobeh_ov_fountains_minmay, led_sif_pool,
          minmay_overflow_temple_star_hex, st_stairs_11, uniq_ijyb
D:6:      layout_layer_cave, uniq_sigmund
D:7:      layout_cave_pools, chequers_temple_overflow_statue_of_worship,
          lemuel_mausoleum_altar_yredelemnul
D:8:      layout_rooms, uniq_gastronok
Temple:   cyrus_temple_forest

Skill      XL: |  1  2  3  4  5  6  7  8  9 |
---------------+----------------------------+-----
Fighting       | 4 5 6 7 10 13 | 13.7
Maces & Flails | 3 4 5 6 |  6.4
Armour         | |  3.2
Shields        | |  3.2

Action                   |  1- 3 |  4- 6 |  7- 9 | 10-12 || total
-------------------------+-------+-------+-------+-------++-------
Melee: Flail             |   112 |   186 |   191 |       ||   489
       Hand axe          |       |       |   232 |    44 ||   276
  Use: Scroll            |       |       |    11 |       ||    11
Armor: Scale mail        |    68 |    47 |       |       ||   115
       Plate armour      |       |    92 |   272 |    11 ||   375
Dodge: Dodged            |    52 |    50 |    51 |     5 ||   158
Block: Kite shield       |    85 |   111 |   175 |    16 ||   387

Table legend: (Time is in decaauts)
 A = Elapsed time spent in this place.
 B = Non-inter-level travel time spent in this place.
 C = Inter-level travel time spent in this place.
 D = Time resting spent in this place.
 E = Time spent auto-exploring this place.
 F = Levels seen in this place.
 G = Mean time per level.
                   A        B        C        D        E       F      G
               +--------+--------+--------+--------+--------+-----+--------+
         Total |   7250 |   6993 |    257 |   1363 |   3895 |   9 |  805.6 |
       Dungeon |   7165 |   6930 |    235 |   1363 |   3840 |   8 |  895.6 |
        Temple |     85 |     63 |     22 |      0 |     55 |   1 |   85.0 |
               +--------+--------+--------+--------+--------+-----+--------+

Top non-repeatable levels by time:
     D:2: 1317 daAuts
     D:1: 1272 daAuts
     D:4: 1109 daAuts
     D:3: 1077 daAuts
     D:7: 879 daAuts
     D:5: 878 daAuts
     D:6: 563 daAuts
  Temple: 85 daAuts
     D:8: 66 daAuts
